 Dungeon Crawl Stone Soup version 0.30-a0-800-g7c544603b3 (webtiles) character file.

Game seed: 3404882693495067632

561715 ParallaxScroll the Slayer (level 26, -4/179 HPs)
             Began as a Gargoyle Fighter on Feb 19, 2023.
             Was the Champion of Qazlal.
             Slain by a hell hog (7 damage)
             ... on level 4 of the Abyss on Feb 22, 2023.
             The game lasted 06:40:38 (69552 turns).

ParallaxScroll the Slayer (Gargoyle Fighter)       Turns: 69552, Time: 06:40:38

Health: -4/179     AC: 45    Str: 26    XL:     26   Next: 4%
Magic:  25/25      EV: 11    Int: 10    God:    Qazlal [******]
Gold:   1990       SH: 29    Dex: 13    Spells: 25/25 levels left

rFire   + . .      SeeInvis +    a - +9 broad axe (distort)
rCold   + + .      Faith    .    N - +0 tower shield {rC+}
rNeg    + + +      Spirit   .    H - +5 chain mail of Xom's Grace {rC+ Dex+3}
rPois   ∞          Reflect  .    x - +1 helmet
rElec   +          Harm     .    l - +0 cloak of the Stone Wall {Rampage rF++ rN+++}
rCorr   .          Rampage  +    M - +2 pair of gloves
Will    +++..      Rage     9%   t - +1 pair of boots Stlth
                                 O - amulet "Fascheoff" {RegenMP rElec rC- Regen+ Stlth+}
HPRegen 0.00/turn                o - ring of Yroll {Ice rN+ Will++ Str-5 Dex+3}
MPRegen 0.59/turn                s - ring of see invisible

@: about to teleport, flying, inhibited regen, studying 3 skills, repel missiles
A: sickness immunity, AC +20, big wings, negative energy resistance 1,
electricity resistance, torment resistance 1, petrification resistance, thin
skeletal structure 1, sense surroundings 1, inhibited regeneration, [berserk 2],
[clumsy 2], [deformed body], [deterioration 2], [low MP 2], ([teleportitis 2]),
[subdued magic 2], [inability to read after injury 2]
}: 4/15 runes: serpentine, barnacled, slimy, silver
a: Renounce Religion, Upheaval, Elemental Force, Disaster Area


You were on level 4 of the Abyss.
You worshipped Qazlal.
Qazlal was exalted by your worship.
You visited 9 branches of the dungeon, and saw 47 of its levels.
You visited the Abyss 3 times.
You also visited: Gauntlet, Ice Cave, Wizlab and Desolation.

You collected 7878 gold pieces.
You spent 5888 gold pieces at shops.

Inventory:

Hand Weapons
 a - a +9 broad axe of distortion (weapon)
Missiles
 k - 14 javelins
 m - 2 silver boomerangs
 p - 26 boomerangs (quivered)
 A - 15 silver javelins
 J - 11 throwing nets
 R - 8 curare-tipped darts
Armour
 l - the +0 cloak of the Stone Wall (worn) {Rampage rF++ rN+++}
   (You found it in a Gauntlet)

   rF:        It greatly protects you from fire.
   rN:        It renders you almost immune to negative energy.
   Rampage:   It bestows one free step when moving towards enemies.
 t - a +1 pair of boots (worn)
 x - a +1 helmet (worn)
 H - the +5 chain mail of Xom's Grace (worn) {rC+ Dex+3}
   (You bought it in a shop on level 4 of the Dungeon)

   Dex:       It affects your dexterity (+3).
   rC:        It protects you from cold.
 M - a +2 pair of gloves (worn)
 N - a +0 tower shield of cold resistance (worn)
Jewellery
 o - the ring of Yroll (left hand) {Ice rN+ Will++ Str-5 Dex+3}
   (You found it in a Gauntlet)

   [ring of ice]

   It enhances your ice magic.
   Str:       It affects your strength (-5).
   Dex:       It affects your dexterity (+3).
   rF:        It makes you vulnerable to fire.
   rC:        It protects you from cold.
   rN:        It protects you from negative energy.
   Will:      It greatly increases your willpower.
 s - a ring of see invisible (right hand)
 E - a ring of protection from fire
 O - the amulet "Fascheoff" (around neck) {RegenMP rElec rC- Regen+ Stlth+}
   (You took it off a vault warden on level 5 of the Vaults)

   [amulet of magic regeneration]

   It increases your rate of magic regeneration.
   rC:        It makes you vulnerable to cold.
   rElec:     It insulates you from electricity.
   Regen:     It increases your rate of health regeneration.
   Stlth:     It makes you more stealthy.
 Y - the ring "Dunoduw" {rN+ rCorr MP+9}
   (You found it on level 11 of the Dungeon)

   [ring of magical power]

   rN:        It protects you from negative energy.
   MP:        It affects your magic capacity (+9).
   rCorr:     It protects you from acid and corrosion.
Wands
 c - a wand of polymorph (16)
 e - a wand of paralysis (68)
 C - a wand of acid (24)
 I - a wand of iceblast (62)
 W - a wand of mindburst (55)
 Z - a wand of digging (3)
Scrolls
 g - 14 scrolls of fear
 h - 22 scrolls of teleportation
 i - 6 scrolls of magic mapping
 r - 8 scrolls of immolation
 y - 6 scrolls of blinking
 B - 2 scrolls of silence
 D - 8 scrolls of fog
 G - 8 scrolls of vulnerability
 U - 3 scrolls of summoning
Potions
 b - 2 potions of magic
 d - 17 potions of curing
 f - 8 potions of heal wounds
 j - 9 potions of haste
 q - 12 potions of invisibility
 u - 8 potions of lignification
 v - 19 potions of attraction
 z - 6 potions of cancellation
 K - 3 potions of ambrosia
 P - 9 potions of might
 S - 14 potions of mutation
 T - 6 potions of berserk rage
 V - 4 potions of resistance
Miscellaneous
 n - a box of beasts
 w - a tin of tremorstones (1/2)
 F - a phantom mirror
 L - a phial of floods
 Q - a lightning rod (4/4)
 X - a condenser vane


   Skills:
 - Level 22.0 Fighting
 - Level 15.0(18.0) Axes
 - Level 16.2(18.9) Polearms
 - Level 6.2(13.0) Staves
 - Level 1.0 Ranged Weapons
 - Level 16.0 Throwing
 - Level 16.0 Armour
 - Level 9.0 Dodging
 + Level 21.1 Shields
 - Level 11.0 Invocations
 - Level 12.0 Evocations


You had 25 spell levels left.
You didn't know any spells.
Your spell library contained the following spells:

 Spells                   Type           Power      Damage    Failure   Level
 Foxfire                  Conj/Fire      0%         2x1d4     91%         1
 Freeze                   Ice            0%         1d3       91%         1
 Kiss of Death            Conj/Necr      0%         2d5       91%         1
 Magic Dart               Conj           0%         1d3       91%         1
 Necrotise                Necr           0%         1d4       91%         1
 Sandblast                Erth           0%         2d4       91%         1
 Sting                    Tmut/Pois      0%         1d3       91%         1
 Blink                    Tloc           0%         N/A       97%         2
 Call Imp                 Summ           0%         N/A       97%         2
 Ensorcelled Hibernation  Hex/Ice        0%         N/A       97%         2
 Lesser Beckoning         Tloc           0%         N/A       97%         2
 Momentum Strike          Conj/Tloc      0%         3d8       97%         2
 Passwall                 Tmut/Erth      0%         N/A       97%         2
 Scorch                   Fire           0%         2d5       97%         2
 Searing Ray              Conj           0%         2d4       97%         2
 Call Canine Familiar     Summ           0%         N/A       100%        3
 Confusing Touch          Hex            0%         N/A       100%        3
 Dazzling Flash           Conj/Hex       0%         N/A       100%        3
 Frozen Ramparts          Ice            0%         1d1       100%        3
 Gell's Gravitas          Tloc           0%         N/A       100%        3
 Hailstorm                Conj/Ice       0%         3d3       100%        3
 Ignite Poison            Fire/Tmut/Pois 0%         N/A       100%        3
 Inner Flame              Hex/Fire       0%         N/A       100%        3
 Kindle Blastsparks       Fire/Tloc/Air  0%         2d10      100%        3
 Mephitic Cloud           Conj/Pois/Air  0%         N/A       100%        3
 Ozocubu's Armour         Ice            0%         N/A       100%        3
 Portal Projectile        Hex/Tloc       0%         N/A       100%        3
 Spider Form              Tmut/Pois      0%         N/A       100%        3
 Stone Arrow              Conj/Erth      0%         3d7       100%        3
 Swiftness                Air            0%         N/A       100%        3
 Teleport Other           Tloc           0%         N/A       100%        3
 Vhi's Electric Charge    Tloc/Air       0%         N/A       100%        3
 Airstrike                Air            0%         2d(0-16)  100%        4
 Anguish                  Hex/Necr       0%         N/A       100%        4
 Animate Armour           Summ/Erth      0%         N/A       100%        4
 Animate Dead             Necr           0%         N/A       100%        4
 Cause Fear               Hex            0%         N/A       100%        4
 Dispel Undead            Necr           0%         3d6       100%        4
 Flame Wave               Conj/Fire      0%         2d4       100%        4
 Fulminant Prism          Conj/Hex       0%         3d5       100%        4
 Ice Form                 Ice/Tmut       0%         N/A       100%        4
 Iskenderun's Mystic Bla  Conj/Tloc      0%         2d3       100%        4
 Leda's Liquefaction      Hex/Erth       0%         N/A       100%        4
 Manifold Assault         Tloc           0%         N/A       100%        4
 Olgreb's Toxic Radiance  Pois           0%         N/A       100%        4
 Passage of Golubria      Tloc           0%         N/A       100%        4
 Petrify                  Tmut/Erth      0%         N/A       100%        4
 Sticky Flame             Conj/Fire      0%         2d3       100%        4
 Summon Ice Beast         Ice/Summ       0%         N/A       100%        4
 Summon Lightning Spire   Summ/Air       0%         N/A       100%        4
 Agony                    Necr           0%         N/A       100%        5
 Arcjolt                  Conj/Air       0%         1d10      100%        5
 Blade Hands              Tmut           0%         N/A       100%        5
 Borgnjor's Vile Clutch   Necr/Erth      0%         N/A       100%        5
 Fireball                 Conj/Fire      0%         3d3       100%        5
 Freezing Cloud           Conj/Ice/Air   0%         6-21      100%        5
 Irradiate                Conj/Tmut      0%         3d11      100%        5
 Iskenderun's Battlesphe  Conj           0%         2d6       100%        5
 Lee's Rapid Deconstruct  Erth           0%         3d4*      100%        5
 Lightning Bolt           Conj/Air       0%         1d11      100%        5
 Metabolic Englaciation   Hex/Ice        0%         N/A       100%        5
 Silence                  Hex/Air        0%         N/A       100%        5
 Summon Mana Viper        Hex/Summ       0%         N/A       100%        5
 Yara's Violent Unravell  Hex/Tmut       0%         3d3       100%        5
 Conjure Ball Lightning   Conj/Air       0%         3x3d6     100%        6
 Death Channel            Necr           0%         N/A       100%        6
 Dispersal                Tloc           0%         N/A       100%        6
 Eringya's Noxious Bog    Tmut/Pois      0%         N/A       100%        6
 Simulacrum               Ice/Necr       0%         N/A       100%        6
 Starburst                Conj/Fire      0%         6d3       100%        6
 Summon Cactus Giant      Summ           0%         N/A       100%        6
 Dragon Form              Tmut           0%         N/A       100%        7
 Enfeeble                 Hex            0%         N/A       100%        7
 Haunt                    Necr/Summ      0%         N/A       100%        7
 Malign Gateway           Summ/Tloc      0%         N/A       100%        7
 Monstrous Menagerie      Summ           0%         N/A       100%        7
 Orb of Destruction       Conj           0%         9d5       100%        7
 Ozocubu's Refrigeration  Ice            0%         4d7       100%        7
 Storm Form               Tmut/Air       0%         N/A       100%        7
 Borgnjor's Revivificati  Necr           0%         N/A       100%        8
 Disjunction              Tloc           0%         N/A       100%        8
 Ignition                 Fire           0%         3d3       100%        8
 Infestation              Necr           0%         N/A       100%        8
 Lehudib's Crystal Spear  Conj/Erth      0%         10d2      100%        8
 Maxwell's Capacitive Co  Air            0%         ∞         100%        8
 Necromutation            Tmut/Necr      0%         N/A       100%        8
 Summon Horrible Things   Summ           0%         N/A       100%        8
 Chain Lightning          Conj/Air       0%         N/A       100%        9
 Death's Door             Necr           0%         N/A       100%        9
 Fire Storm               Conj/Fire      0%         5d1       100%        9
 Polar Vortex             Ice            0%         N/A       100%        9
 Cigotuvi's Dreadful Rot  Necr/Pois/Air  Unusable   N/A       N/A         2
 Statue Form              Tmut/Erth      Unusable   N/A       N/A         6

Dungeon Overview and Level Annotations

Branches:
Dungeon (15/15)            Temple (0/1) D:6            Lair (5/5) D:9
 Shoals (4/4) Lair:2        Snake (4/4) Lair:3        Slime (5/5) Lair:4
    Orc (2/2) D:11            Elf (3/3) Orc:2        Vaults (5/5) D:13
  Crypt (0/3) Vaults:3     Depths (4/4) D:15            Zot (0/5) Depths:4
  IceCv (visited)          WizLab (visited)         Desolation (visited)
Gauntlet (visited)

Altars:
Ashenzari
Dithmenos
Elyvilon
Hepliaklqana
Makhleb
Qazlal
Ru
Sif Muna
Trog
Xom
Yredelemnul
Jiyva

Shops:
D:2 (   D:3 [   D:10 =   Orc:1 *   Orc:2 **([!   Elf:1 *   Shoals:2 *
Shoals:3 [   Shoals:4 !   Snake:3 [   Vaults:2 *[?[   Vaults:3 *   Vaults:5 =
Depths:3 ?

Portals:
Hell: Lair:5 Depths:1 Depths:2 Depths:3 Depths:4
Abyss: Depths:3
Pandemonium: Depths:1 Depths:2
Ziggurat: Depths:3

Annotations:
D:7 1 runed translucent door
D:14 2 transporters, Imiczer's ghost, journeyman FoFi
Elf:3 2 transporters, Puq Cuid's ghost, adept KoAK
Depths:2 1 exclusion, Mennas
Abyss:1 Frederick


Innate Abilities, Weirdness & Mutations

You are immune to sickness and miasma.
Your stone body is resilient. (AC +20)
You are immune to poison.
Your large and strong wings let you fly.
You resist negative energy. (rN+)
You are resistant to electric shocks. (rElec)
You are resistant to unholy torment.
You are immune to petrification.
You have a somewhat thin skeletal structure. (Dex +2, Stealth+)
You passively map a small area around you.
You do not regenerate when monsters are visible.
[You have an uncontrollable temper.]
[You are very clumsy. (Dex -4)]
[Armour fits poorly on your strangely shaped body.]
[Your body often deteriorates upon taking damage.]
[Your magical capacity is very low. (-20% MP)]
[((You are often teleported next to monsters.))]
[Your spells are easier to cast, but less powerful.]
[You sometimes lose the ability to read scrolls when taking damage.]


Message History

You slice the starcursed mass!!
You destroy the starcursed mass!
Qazlal accepts your kill.
You hear an angry squeal.
You hear a shout!
You hear a horrible gurgling sound! x2
The wretched star pulses with an eldritch light!
Your connection to magic feels subdued.
Your connection to magic feels more subdued.
You rampage towards the starcursed mass!
You slash the starcursed mass!
You destroy the starcursed mass!
Qazlal accepts your kill.
You hear a horrible gurgling sound! x2
A hell hog comes into view.
An ancient zyme comes into view.
You hear an angry squeal.
You hear a horrible gurgling sound!
The wretched star glows turbulently.
You block the lance of force. You block the worldbinder's attack. x2
A smoke demon comes into view.
You hit the worldbinder.
The worldbinder is lightly damaged.
The worldbinder blinks!
You hear an angry squeal.
Your fire elemental disappears in a puff of smoke!
Your water elemental hits the wretched star!
The smoke demon gestures at you. Something smites you!
* * * LOW HITPOINT WARNING * * *
Okay, then.
Unknown command.
As you read the scroll of teleportation, it crumbles to dust.
You feel strangely unstable.
You feel the power of the Abyss delaying your translocation!
You hear a shout!
You hear a horrible gurgling sound!
Your water elemental disappears in a puff of smoke!
The wretched star pulses with an eldritch light!
You occasionally lose the ability to read scrolls when taking damage.
You lose the ability to read scrolls when taking damage more often.
A hell hog comes into view.
The hell hog bites you!
You die...

#.##..#. .... .
##...#...≈.. # . ##.
....). . . ##
.###..#......≈. .
#.##.#.#......#. ..#
.°h.....x..#.† . ##
###.#.###.#...## ..
##.°.#h.......).....#
..#..~°§@n....#.. .#..
#
#.......§*§#...#...##.
........○n§§.#..#. ..
..........k...#..#..#
. . ............#
##.§#
....#.###.....x.......
.....# ......... ##...
....3...#. ##
........#


You could see a wretched star, 2 hell hogs, an ancient zyme, a worldbinder, 2
bog bodies, a smoke demon and a swamp drake (summoned).

Vanquished Creatures
  the Royal Jelly (Abyss:1)
  An ancient lich (Abyss:1)
  A dread lich (Vaults:5)
  Bai Suzhen (Abyss:1)
  Vashnia (Snake:3)
  A golden dragon (Vaults:5)
  Nikola (Shoals:1)
  A bone dragon (Abyss:4)
  A Tzitzimitl (Depths:3)
  2 tentacled monstrosities
  A lich (Depths:3)
  4 quicksilver dragons
  6 titans
  3 deep elf blademasters
  15 acid blobs
  4 deep elf master archers
  3 sphinxes
  Agnes (Vaults:2)
  12 tengu reavers
  3 tentacled starspawn
  Kirke (Lair:4)
  The ghost of Kemp the Severer, an adept MiMo of Ashenzari (Snake:2)
  A shadow dragon (Depths:4)
  6 azure jellies
  3 storm dragons (Vaults:5)
  2 draconian knights (Vaults:2)
  4 nagarajas
  4 fire giants
  3 fenstrider witches (WizLab)
  16 rockslimes
  5 deep elf sorcerers
  A daeva (Depths:2)
  5 frost giants
  2 iron dragons
  9 vault wardens
  Louise (Shoals:1)
  A draconian scorcher (Depths:4)
  Aizul (Vaults:1)
  An angel (Depths:2)
  13 quicksilver oozes
  2 deep elf elementalists (Elf:3)
  2 reapers (Depths:1)
  A draconian stormcaller (Abyss:1)
  13 ironbound preservers
  5 war gargoyles
  23 very ugly things
  9 ironbound thunderhulks
  8 stone giants
  5 vampire knights
  A black draconian (Depths:4)
  A lorocyproca (Abyss:3)
  5 halazid warlocks (Desolation)
  5 deep elf demonologists
  A white draconian (Abyss:4)
  A green draconian (Abyss:1)
  2 eleionomae
  2 deep elf annihilators
  4 spark wasps
  A bunyip (shapeshifter) (Vaults:5)
  A minotaur (Gauntlet)
  2 yellow draconians
  2 dire elephants
  A deep elf death mage (Abyss:1)
  A crystal guardian (Vaults:1)
  10 ettins
  Josephine (D:14)
  An ettin (shapeshifter) (Vaults:1)
  8 yaktaur captains
  3 ragged hierophants (Desolation)
  12 merfolk impalers
  5 fire dragons
  3 entropy weavers
  2 shambling mangroves (WizLab)
  An entropy weaver (shapeshifter) (Elf:2)
  9 great orbs of eyes
  5 merfolk javelineers
  A deep elf high priest (Elf:3)
  8 peacekeepers
  3 hydras
  A spriggan air mage (Depths:2)
  26 vault guards
  3 ice dragons
  7 servants of whispers (Desolation)
  15 centaur warriors
  2 rakshasas
  3 boulder beetles
  3 ogre magi
  An alligator snapping turtle (Shoals:3)
  8 ironbound frosthearts
  24 dancing weapons
  2 death knights
  5 merfolk aquamancers
  10 death yaks
  6 anacondas
  13 naga warriors
  8 satyrs
  An anaconda (shapeshifter) (Vaults:5)
  9 two-headed ogres
  A satyr (shapeshifter) (Depths:3)
  3 tengu warriors
  3 deep troll earth magi
  4 deep troll shamans
  4 hell hogs (Depths:1)
  2 vampire magi
  2 thrashing horrors
  12 hell knights
  7 shock serpents
  15 naga sharpshooters
  3 spriggan berserkers
  Sonja (Orc:2)
  2 sun demons (Depths:1)
  Nergalle (Lair:2)
  A soul eater (Depths:1)
  6 shadow wraiths (Depths:3)
  13 deep elf knights
  3 wretched stars
  2 sixfirhies
  5 skysharks
  5 salamander mystics
  54 deep trolls
  2 iron trolls
  A fire crab (shapeshifter) (Elf:1)
  A glowing orange brain (Abyss:1)
  A cherub (Depths:2)
  A flayed ghost (Depths:4)
  9 sea snakes
  A deep troll (shapeshifter) (Depths:4)
  An obsidian statue (Gauntlet)
  13 deep elf archers
  3 shadow demons (Depths:3)
  11 phantasmal warriors
  2 orc knights
  28 harpies
  23 ironbound convokers
  5 wizards
  6 starcursed masses
  A bog body (IceCv)
  7 necromancers
  11 lindwurms
  30 deep elf pyromancers
  20 deep elf zephyrmancers
  A mana viper (shapeshifter) (Vaults:5)
  3 shining eyes
  A glowing shapeshifter (Vaults:5)
  11 cyclopes
  46 ugly things
  An orc sorcerer (Orc:1)
  9 mana vipers
  2 oklob plants
  18 fauns
  21 salamanders
  A salamander (shapeshifter) (Abyss:1)
  14 manticores
  14 guardian serpents
  29 black mambas
  5 merfolk sirens
  23 vault sentinels
  7 elephants
  2 torpor snails
  3 water nymphs
  3 rust devils
  A molten gargoyle (Desolation)
  An eye of devastation (Slime:2)
  17 naga magi
  Maurice (D:8)
  17 cane toads
  5 smoke demons
  An ice statue (IceCv)
  3 orange demons
  Psyche (D:8)
  4 kobold demonologists
  3 rime drakes
  30 yaktaurs
  A tormentor (Depths:2)
  8 komodo dragons
  3 ice devils
  6 tengu conjurers
  6 freezing wraiths
  6 meliai (D:14)
  13 trolls
  2 ancient zymes
  A red devil (Lair:5)
  7 wind drakes
  A wind drake (shapeshifter) (D:15)
  29 merfolk
  5 hornets
  Prince Ribbit (D:6)
  36 saltlings (Desolation)
  A tarantella (Vaults:3)
  17 blink frogs
  6 snapping turtles
  17 dream sheep
  A culicivora (Vaults:2)
  A jumping spider (shapeshifter) (Vaults:5)
  A centaur simulacrum (Gauntlet)
  16 water elementals
  A shadow (Abyss:4)
  62 slime creatures
  2 spriggans (Depths:4)
  Sigmund (D:2)
  13 wraiths
  2 air elementals
  33 yaks
  4 wyverns
  A fire elemental (Elf:3)
  4 large abominations
  A basilisk (D:9)
  A steam dragon (D:8)
  A golden eye (Slime:5)
  The ghost of souper the Shooter, an amateur DsHu (D:4)
  7 redbacks
  5 hogs (Lair:4)
  10 vampire mosquitoes
  A neqoxec (Abyss:1)
  3 death yak simulacra (IceCv)
  2 wargs (Orc:2)
  2 swamp worms (Gauntlet)
  31 nagas
  2 acid dragons
  10 hell hounds
  15 water moccasins
  A water moccasin (shapeshifter) (Depths:3)
  3 hydra simulacra (IceCv)
  A meliai simulacrum (Gauntlet)
  18 orc warriors
  2 elephant zombies (Lair:3)
  3 ice beasts
  2 small abominations
  2 black bears (D:9)
  23 ogres
  14 wolves
  2 phantoms
  5 centaurs
  Blork the orc (D:6)
  2 earth elementals
  4 kobold brigands
  2 komodo dragon zombies (Lair:3)
  9 bullfrogs
  A necrophage (D:4)
  5 two-headed ogre simulacra (IceCv)
  9 scorpions
  7 wights
  An elephant simulacrum (IceCv)
  26 killer bees
  A howler monkey (D:11)
  8 electric eels
  A wyvern simulacrum (Gauntlet)
  2 lava snakes (Lair:3)
  11 orc priests
  5 hounds
  3 iron imps (Abyss:1)
  Ijyb (D:4)
  2 iguanas (D:6)
  16 orc wizards
  7 troll simulacra (IceCv)
  14 hell rats
  2 polar bear simulacra (IceCv)
  7 spriggan simulacra (IceCv)
  6 wolf simulacra (IceCv)
  4 gnolls
  9 adders
  5 naga simulacra (IceCv)
  11 river rats (Lair:3)
  7 white imps
  An ufetubus (IceCv)
  2 adder zombies (D:4)
  3 worms
  6 dart slugs
  49 orcs
  3 ball pythons
  7 endoplasms
  5 giant cockroaches
  6 goblins
  5 hobgoblins
  2 jackals (D:1)
  2 quokkas
  4 bats
  8 frilled lizards
  25 kobolds
  13 rats
  2 bushes (WizLab)
  2 lurking horrors
  8 starspawn tentacles
1902 creatures vanquished.

Vanquished Creatures (collateral kills)
  Rupert (Lair:5)
  A lich (Abyss:1)
  A deep elf master archer (Abyss:1)
  A deep elf sorcerer (Elf:3)
  A two-headed ogre (D:8)
  Urug (D:11)
  A deep elf archer (Elf:1)
  A deep elf pyromancer (Elf:1)
  A komodo dragon (Lair:5)
  An orc wizard (D:11)
10 creatures vanquished.

Vanquished Creatures (others)
  A rockslime (Abyss:1)
  A draconian stormcaller (Depths:4)
  A yaktaur captain (Vaults:5)
  A centaur warrior (Vaults:1)
  2 deep elf knights (Elf:1)
  A bog body (IceCv)
  2 deep elf zephyrmancers
  A harpy (Shoals:2)
  A slime creature (Slime:5)
  A quokka (D:4)
  2 bushes
  58 fungi
  A lurking horror (Abyss:1)
  131 plants
  A starspawn tentacle (Abyss:1)
205 creatures vanquished.

Grand Total: 2117 creatures vanquished

Notes
Turn   | Place    | Note
-------+----------+-------------------------------------------
     0 | D:1      | ParallaxScroll the Gargoyle Fighter began the quest for the
                  | Orb.
     0 | D:1      | Reached XP level 1. HP: 14/14 MP: 1/1
   131 | D:1      | Reached XP level 2. HP: 19/19 MP: 2/2
   477 | D:1      | Reached XP level 3. HP: 23/23 MP: 3/3
  1078 | D:2      | Reached XP level 4. HP: 28/28 MP: 4/4
  1198 | D:2      | Found Kisial's Weapon Shoppe.
  1261 | D:2      | Noticed Sigmund
  1279 | D:2      | Killed Sigmund
  1280 | D:2      | Reached skill level 5 in Axes
  1280 | D:2      | Reached XP level 5. HP: 32/32 MP: 5/5
  1280 | D:2      | Reached XP level 6. HP: 37/37 MP: 6/6
  1674 | D:3      | Found a faded altar of an unknown god.
  1710 | D:3      | Prayed at the altar of an unknown god.
  1710 | D:3      | Became a worshipper of Qazlal Stormbringer
  1710 | D:3      | Reached * piety under Qazlal
  1817 | D:3      | Found Touph's Armour Shoppe.
  2460 | D:4      | Reached ** piety under Qazlal
  2560 | D:4      | Found a runed translucent gate.
  2560 | D:4      | Found a runed translucent gate.
  2560 | D:4      | Found a runed translucent gate.
  2560 | D:4      | Noticed souper's ghost (amateur DsHu)
  2562 | D:4      | Found a basalt altar of Yredelemnul.
  2590 | D:4      | Reached XP level 7. HP: 33/41 MP: 7/7
  2699 | D:4      | Reached skill level 1 in Invocations
  2761 | D:4      | Found Deyhaiso's Assorted Antiques.
  2771 | D:4      | Bought a scroll labelled FOANWI JYFO for 21 gold pieces
  2771 | D:4      | Bought a bubbling cyan potion for 18 gold pieces
  2771 | D:4      | Bought a scroll labelled ZUAS XUNGU for 21 gold pieces
  2771 | D:4      | Bought a murky black potion for 18 gold pieces
  2771 | D:4      | Bought a scroll labelled PULUAX XERRAC for 21 gold pieces
  2778 | D:4      | Found a white marble altar of Elyvilon.
  2808 | D:4      | Noticed Ijyb
  2808 | D:4      | Paralysed by Ijyb for 2 turns
  2821 | D:4      | Killed Ijyb
  3011 | D:5      | Entered Level 5 of the Dungeon
  3603 | D:5      | Reached XP level 8. HP: 36/46 MP: 10/10
  3986 | D:6      | Noticed Prince Ribbit
  3987 | D:6      | Found a staircase to the Ecumenical Temple.
  4067 | D:6      | Noticed Blork the orc
  4080 | D:6      | Killed Blork the orc
  4119 | D:6      | Killed Prince Ribbit
  4120 | D:6      | Reached skill level 1 in Polearms
  4120 | D:6      | Reached skill level 1 in Evocations
  4147 | D:6      | Found a sacrificial altar of Ru.
  4459 | D:4      | Bought a smoking chain mail for 199 gold pieces
  4459 | D:4      | Identified the +5 chain mail of Xom's Grace {rC+ Dex+3}
                  | (You bought it in a shop on level 4 of the Dungeon)
  4619 | D:6      | Reached skill level 1 in Throwing
  4766 | D:6      | Reached skill level 1 in Dodging
  5196 | D:7      | Reached XP level 9. HP: 44/51 MP: 12/12
  5217 | D:7      | Reached *** piety under Qazlal
  5449 | D:7      | Found the +9 staff of Olgreb {rPois∞}
  5461 | D:7      | Found a runed translucent door.
  5477 | D:7      | Found a runed translucent door.
  5485 | D:7      | Found a runed translucent gate.
  5485 | D:7      | Found a runed translucent gate.
  5503 | D:7      | Found a runed translucent gate.
  5634 | D:7      | Reached skill level 5 in Armour
  6071 | D:4      | Killed souper's ghost
  6217 | D:8      | Noticed a hornet
  6225 | D:8      | Killed a hornet
  6416 | D:8      | Noticed a two-headed ogre
  6422 | D:8      | Killed a two-headed ogre
  6423 | D:8      | Reached skill level 5 in Invocations
  6423 | D:8      | Reached XP level 10. HP: 56/56 MP: 14/14
  6647 | D:8      | Noticed Psyche
  6700 | D:8      | Killed Psyche
  6825 | D:4      | Bought a scroll of teleportation for 63 gold pieces
  7100 | D:8      | Found a faded altar of an unknown god.
  7100 | D:8      | Found a hazy altar of Hepliaklqana.
  7102 | D:8      | Found a faded altar of an unknown god.
  7134 | D:8      | Noticed Maurice
  7155 | D:8      | Killed Maurice
  7556 | D:9      | Reached skill level 5 in Polearms
  8076 | D:9      | Found a staircase to the Lair.
  8078 | D:9      | Identified the +6 lajatang of Plague {venom, Dex+2}
  8100 | D:9      | Reached skill level 1 in Staves
  8682 | Lair:1   | Entered Level 1 of the Lair of Beasts
  8693 | D:9      | Reached XP level 11. HP: 60/60 MP: 16/16
  8701 | D:9      | Reached skill level 5 in Staves
  8968 | Lair:1   | Reached **** piety under Qazlal
  8969 | Lair:1   | Reached skill level 4 in Fighting
  9033 | Lair:1   | Reached skill level 5 in Fighting
  9252 | Lair:1   | Reached skill level 6 in Fighting
  9747 | Lair:1   | You fall into a shaft and drop 1 floor!
  9756 | Lair:2   | Noticed Nergalle
  9769 | Lair:2   | Killed Nergalle
  9802 | Lair:2   | Reached skill level 5 in Evocations
  9802 | Lair:2   | Identified a scroll of acquirement
  9839 | Lair:2   | Reached skill level 7 in Fighting
  9858 | Lair:2   | Reached skill level 5 in Dodging
  9860 | Lair:2   | Gained mutation: You have a somewhat thin skeletal
                  | structure. (Dex +2, Stealth+) [potion of mutation]
  9860 | Lair:2   | Gained mutation: You passively map a small area around you.
                  | [potion of mutation]
  9868 | Lair:2   | Reached XP level 12. HP: 14/72 MP: 17/17
 10090 | Lair:2   | Reached skill level 8 in Fighting
 10147 | Lair:2   | Found a gate leading to a gauntlet.
 10162 | Gauntlet | Entered a Gauntlet
 10162 | Gauntlet | Found a transporter.
 10162 | Gauntlet | Found a transporter.
 10171 | Gauntlet | Noticed a soul eater
 10180 | Gauntlet | Found a transporter.
 10184 | Gauntlet | Found a transporter.
 10192 | Gauntlet | Found a transporter.
 10196 | Gauntlet | Found a transporter.
 10203 | Gauntlet | Noticed a death scarab
 10204 | Gauntlet | Noticed a death scarab
 10207 | Gauntlet | Found a transporter.
 10218 | Gauntlet | Found a runed translucent door.
 10220 | Gauntlet | Found a transporter.
 10222 | Gauntlet | Found a runed translucent door.
 10234 | Gauntlet | Found a transporter.
 10238 | Gauntlet | Found a transporter.
 10246 | Gauntlet | Found a transporter.
 10250 | Gauntlet | Found a transporter.
 10428 | Gauntlet | Identified the +0 cloak of the Stone Wall {Rampage rF++
                  | rN+++}
 10505 | Gauntlet | Identified the ring of Yroll {Ice rN+ Will++ Str-5 Dex+3}
 10565 | Gauntlet | Noticed a minotaur
 10573 | Gauntlet | Killed a minotaur
 10634 | Gauntlet | Identified the +0 mace "Turodgh" {heavy, *Noise rF+++ rC-
                  | rN++}
 10635 | Gauntlet | Got Giteohinn's Almanac of Boreal Composition
 10940 | Lair:2   | Noticed a death yak
 10940 | Lair:2   | Noticed a death yak
 10940 | Lair:2   | Noticed a death yak
 10940 | Lair:2   | Noticed a death yak
 10940 | Lair:2   | Noticed a death yak
 10940 | Lair:2   | Noticed a death yak
 10950 | Lair:1   | Killed a death yak
 10951 | Lair:1   | Reached skill level 9 in Fighting
 10953 | Lair:1   | Killed a death yak
 10955 | Lair:1   | Killed a death yak
 11086 | Lair:2   | Killed a death yak
 11087 | Lair:2   | Reached skill level 10 in Fighting
 11090 | Lair:2   | Killed a death yak
 11096 | Lair:2   | Killed a death yak
 11646 | Lair:2   | Found a staircase to the Shoals.
 11978 | Lair:3   | Reached skill level 10 in Armour
 12314 | Lair:3   | Found a staircase to the Snake Pit.
 12330 | Lair:3   | Reached skill level 1 in Ranged Weapons
 12376 | Lair:3   | Reached XP level 13. HP: 56/82 MP: 19/19
 12535 | Lair:3   | Found a frozen archway.
 12563 | IceCv    | Entered an ice cave
 13022 | IceCv    | Reached ***** piety under Qazlal
 14723 | Lair:4   | Reached skill level 10 in Invocations
 15112 | Lair:4   | Got Seziliru's Lectures on Floating Fever
 15153 | Lair:4   | Found a staircase to the Slime Pits.
 15155 | Lair:4   | Found a viscous altar of Jiyva.
 15365 | Lair:4   | Gained mutation: Your large and strong wings let you fly.
                  | [Gargoyle growth]
 15365 | Lair:4   | Reached XP level 14. HP: 75/88 MP: 22/22
 15366 | Lair:4   | Reached skill level 11 in Fighting
 15685 | Lair:4   | Noticed Kirke
 15691 | Lair:4   | Killed Kirke
 15952 | Lair:5   | Entered Level 5 of the Lair of Beasts
 16119 | Lair:5   | Identified the +9 flail of Wondrous Power {drain, rF+
                  | rCorr}
 16300 | Lair:5   | Noticed Rupert
 16308 | Lair:5   | Killed Rupert
 16404 | Lair:5   | Reached skill level 10 in Polearms
 17017 | Lair:5   | Noticed a dire elephant
 17031 | Lair:5   | Killed a dire elephant
 17535 | Lair:5   | Found a burning altar of Makhleb.
 17541 | Lair:5   | Found a gateway to Hell.
 17850 | D:10     | Entered Level 10 of the Dungeon
 18146 | D:10     | Found a stormy altar of Qazlal.
 18555 | D:10     | Found Rilan's Jewellery Boutique.
 18916 | D:11     | Upgraded the game from 0.30-a0-782-ge64f9170bb to
                  | 0.30-a0-793-g160f7cfddd
 18923 | D:11     | Found a shimmering altar of Xom.
 19265 | D:11     | Noticed Urug
 19272 | D:11     | Killed Urug
 19730 | D:11     | Identified the ring "Dunoduw" {rN+ rCorr MP+9}
 19889 | D:11     | Found a staircase to the Orcish Mines.
 20401 | D:12     | Reached XP level 15. HP: 94/94 MP: 23/23
 21475 | Orc:1    | Entered Level 1 of the Orcish Mines
 21552 | Orc:1    | Found Kuof's General Store.
 21849 | Orc:2    | Entered Level 2 of the Orcish Mines
 21889 | Orc:2    | Found a staircase to the Elven Halls.
 21911 | Orc:2    | Noticed Sonja
 21919 | Orc:2    | Reached ****** piety under Qazlal
 21922 | Orc:2    | Killed Sonja
 22475 | Orc:2    | Found Missu's Distillery.
 23364 | Orc:2    | Found Tos Utin's Antique Armour Shoppe.
 23365 | Orc:2    | Found Raheiv's Weapon Boutique.
 23369 | Orc:2    | Found Semaikki's General Store.
 23370 | Orc:2    | Found Qutepea's General Store.
 23651 | Orc:2    | Bought a pair of runed boots for 270 gold pieces
 23659 | Orc:2    | Bought a distressingly furry plate armour for 1008 gold
                  | pieces
 23659 | Orc:2    | Identified the +1 plate armour of Ylaal {+Blink rPois rN+
                  | Stlth-} (You bought it in a shop on level 2 of the Orcish
                  | Mines)
 23690 | Orc:2    | Bought a potion of resistance for 170 gold pieces
 23690 | Orc:2    | Upgraded the game from 0.30-a0-793-g160f7cfddd to
                  | 0.30-a0-799-g109b55a442
 23700 | Elf:1    | Entered Level 1 of the Elven Halls
 23721 | Elf:1    | Reached skill level 15 in Polearms
 24500 | Lair:1   | Acquired 696 gold pieces
 24945 | D:13     | Found a gate to the Vaults.
 25028 | D:14     | Found a transporter.
 25043 | D:14     | Noticed Josephine
 25060 | D:14     | Killed Josephine
 25091 | D:14     | Found a transporter.
 25114 | D:14     | Reached XP level 16. HP: 100/100 MP: 24/24
 25227 | D:14     | Noticed Imiczer's ghost (journeyman FoFi)
 25918 | Orc:1    | Bought a scroll of enchant weapon for 120 gold pieces
 27147 | D:14     | Found a shimmering blue altar of Sif Muna.
 27204 | D:15     | Entered Level 15 of the Dungeon
 27968 | D:15     | Reached skill level 10 in Axes
 28206 | D:15     | Found a staircase to the Depths.
 28843 | Snake:1  | Entered Level 1 of the Snake Pit
 29132 | Snake:1  | Identified the +4 quarterstaff of Gusyojy {heavy, rF+ rC+
                  | Will++ Str+2 Dex-3}
 30218 | Snake:2  | Noticed a nagaraja
 30227 | Snake:2  | Banished a nagaraja
 30282 | Snake:2  | Found a large runed translucent door.
 30282 | Snake:2  | Found a large runed translucent door.
 30283 | Snake:2  | Noticed Kemp's ghost (adept MiMo)
 30362 | Snake:2  | Noticed a nagaraja
 30374 | Snake:2  | Killed a nagaraja
 30398 | Snake:2  | Reached XP level 17. HP: 70/104 MP: 25/25
 30662 | Snake:2  | Reached skill level 5 in Shields
 32125 | Snake:3  | Found Omaer's Antique Armour Emporium.
 32137 | Snake:3  | Noticed Vashnia
 32155 | Snake:3  | Killed Vashnia
 33466 | Shoals:1 | Entered Level 1 of the Shoals
 33483 | Shoals:1 | Reached skill level 10 in Shields
 33701 | Shoals:1 | Noticed Nikola
 33718 | Shoals:1 | Killed Nikola
 33938 | Shoals:1 | Noticed Louise
 33964 | Shoals:1 | Killed Louise
 34439 | Shoals:1 | Noticed a titan
 34467 | Shoals:1 | Killed a titan
 35026 | Shoals:2 | Reached XP level 18. HP: 45/110 MP: 26/26
 35300 | Shoals:2 | Found Nogoiple's General Store.
 36014 | Shoals:2 | Reached skill level 15 in Shields
 36227 | Lair:3   | Upgraded the game from 0.30-a0-799-g109b55a442 to
                  | 0.30-a0-800-g7c544603b3
 37012 | Shoals:3 | Found Vakicw's Armour Shop.
 37021 | Shoals:3 | Bought a +1 pair of boots for 149 gold pieces
 37772 | Shoals:4 | Entered Level 4 of the Shoals
 38270 | Snake:4  | Entered Level 4 of the Snake Pit
 39390 | Snake:4  | Reached XP level 19. HP: 114/114 MP: 27/27
 39537 | Snake:4  | Reached skill level 15 in Axes
 40307 | Snake:4  | Got a serpentine rune of Zot
 40448 | Snake:2  | Killed Kemp's ghost
 40941 | Vaults:1 | Entered Level 1 of the Vaults
 41247 | Vaults:1 | Found a crumbling gateway.
 41264 | Desolati | Entered the Desolation of Salt
 41853 | Desolati | Reached skill level 12 in Fighting
 42021 | Desolati | Got the Incunable of the Figure and Last Rites
 42063 | Desolati | Identified the ring "Upofu" {Wiz Drain rC- Will+++ rCorr}
 42074 | Desolati | Identified the +0 ring mail of Boredom {rF+ rC- rN+ Slay+3}
 42238 | Desolati | Identified the ring "Xithroik" {Ice Dex+3 Stlth+}
 42240 | Desolati | Identified the +0 helmet "Xisaal" {Str-3 Int+4}
 42490 | Vaults:1 | Noticed Aizul
 42516 | Vaults:1 | Killed Aizul
 42517 | Vaults:1 | Reached skill level 13 in Fighting
 42688 | Vaults:1 | Reached XP level 20. HP: 124/124 MP: 28/28
 43389 | Vaults:1 | Reached skill level 14 in Fighting
 43850 | Vaults:2 | Found Goqel's Magic Scroll Boutique.
 43970 | Vaults:2 | Found Lallaf's Antique Armour Emporium.
 43977 | Vaults:2 | Bought a pair of runed gloves for 225 gold pieces
 44764 | Vaults:2 | Noticed Agnes
 44770 | Vaults:2 | Killed Agnes
 44996 | Vaults:2 | Noticed Frederick
 45043 | Vaults:2 | Banished Frederick
 45346 | Vaults:2 | Found Etasai's Armour Boutique.
 45490 | Vaults:2 | Found Siyrghurph's Assorted Antiques.
 45494 | Vaults:2 | Bought a potion of might for 116 gold pieces
 45612 | Vaults:3 | Reached skill level 15 in Fighting
 45958 | Vaults:3 | Found Tynnelaczu's General Store.
 45968 | Vaults:3 | Bought a wand of acid (5) for 294 gold pieces
 45968 | Vaults:3 | Bought a scroll of teleportation for 42 gold pieces
 46125 | Vaults:3 | Reached skill level 16 in Fighting
 46372 | Vaults:3 | Reached XP level 21. HP: 127/136 MP: 29/29
 46753 | Vaults:3 | Found a staircase to the Crypt.
 46969 | Vaults:3 | Got Bon Xekk's Volume of Guile and Assembling
 48205 | Vaults:4 | Reached skill level 17 in Fighting
 48727 | Vaults:4 | Identified the +1 arbalest "Zesuv" {heavy, rPois Str+2
                  | Dex+3}
 49728 | Elf:1    | Found Plog's Assorted Antiques.
 49736 | Elf:1    | Bought a scroll of teleportation for 84 gold pieces
 49736 | Elf:1    | Bought a scroll of teleportation for 84 gold pieces
 49810 | Elf:1    | You are sucked into a shaft and drop 1 floor!
 50170 | Elf:2    | Reached XP level 22. HP: 129/146 MP: 30/30
 50305 | Elf:2    | Found a runed translucent gate.
 50305 | Elf:2    | Found a runed translucent gate.
 50305 | Elf:2    | Found a runed translucent gate.
 50373 | Elf:2    | Reached skill level 18 in Fighting
 51428 | Elf:3    | Entered Level 3 of the Elven Halls
 51583 | Elf:3    | Reached skill level 19 in Fighting
 51730 | Elf:3    | Paralysed by an air elemental for 1 turns
 51739 | Elf:3    | Paralysed by an air elemental for 1 turns
 52102 | Elf:3    | Found a transporter.
 52106 | Elf:3    | Found a bloodstained altar of Trog.
 52432 | Elf:3    | Noticed Puq Cuid's ghost (adept KoAK)
 52468 | Elf:3    | Found a transporter.
 52782 | Elf:3    | Got Sif Muna's Annotations on the Red-Hot Quake
 52787 | Elf:3    | Identified the amulet of the Disbelieving Gods {RegenMP
                  | Fragile rF++ Int+6}
 52794 | Elf:3    | Identified the ring "Irinuph" {rN+ Str+3}
 52794 | Elf:3    | Found the +3 greatsling "Punk" {acid, rCorr}
 52796 | Elf:3    | Found the +7 great mace "Undeadhunter" {deathbane, rN+}
 52799 | Elf:3    | Identified the +5 scimitar "Paodir" {flame, rPois rCorr
                  | Dex+3}
 52822 | Elf:3    | Identified the ring of Leokarr {rElec rPois rF+ Int-4 SInv}
 52832 | Elf:3    | Identified the amulet "Vallahept" {Spirit rPois rN+ Str+4
                  | Int-5}
 53663 | Shoals:4 | Reached skill level 10 in Evocations
 53787 | Shoals:4 | Found Nici's Distillery.
 53947 | Shoals:4 | Bought a potion of might for 64 gold pieces
 53947 | Shoals:4 | Bought a potion of cancellation for 128 gold pieces
 53947 | Shoals:4 | Bought a potion of cancellation for 128 gold pieces
 54249 | Shoals:4 | Identified the +5 morningstar "Iloil" {flame, +Blink}
 54294 | Shoals:4 | Got a barnacled rune of Zot
 54524 | Shoals:4 | Got Raluoryo's Discursus on Battle Magic
 54944 | Depths:1 | Entered Level 1 of the Depths
 55184 | Depths:1 | Noticed Bai Suzhen
 55191 | Depths:1 | Banished Bai Suzhen
 55317 | Depths:1 | Found a one-way gate leading to the halls of Pandemonium.
 56239 | Depths:2 | Reached XP level 23. HP: 141/155 MP: 31/31
 56615 | Depths:2 | Reached skill level 5 in Throwing
 56640 | Depths:2 | Found a broken altar of Ashenzari.
 57236 | Depths:2 | Noticed Mennas
 58364 | Depths:3 | Found a one-way gate to the infinite horrors of the Abyss.
 58412 | Depths:3 | Found a one-way gateway to a ziggurat.
 58459 | Depths:3 | Identified the +2 leather armour of Card Tricks {rPois
                  | rCorr Str+7 Stlth-}
 58487 | Depths:3 | Found Telun's Magic Scroll Shoppe.
 58495 | Depths:3 | Bought a scroll of teleportation for 60 gold pieces
 58495 | Depths:3 | Bought a scroll of magic mapping for 150 gold pieces
 58627 | Depths:3 | Reached skill level 20 in Fighting
 58809 | Depths:3 | Found the ring of Shadows {Umbra +Inv Stlth+}
 58810 | Depths:3 | Found the +2 cloak of the Thief {*Fog Slay-2 SInv Stlth+}
 58905 | Depths:3 | Found a shadowy altar of Dithmenos.
 58914 | Depths:3 | Identified the +2 war axe "Cotriu" {spect, Dex+2}
 59027 | Depths:4 | Entered Level 4 of the Depths
 59305 | Depths:4 | Found a magical portal.
 59337 | WizLab   | Entered Eringya's Formal Garden
 60313 | WizLab   | Found a blossoming altar of Fedhas.
 60735 | Depths:4 | Reached skill level 15 in Armour
 60926 | Depths:4 | Reached XP level 24. HP: 154/163 MP: 31/31
 61212 | Depths:4 | Found a gate to the Realm of Zot.
 61599 | Orc:2    | Bought a potion of ambrosia for 136 gold pieces
 61599 | Orc:2    | Bought a potion of might for 68 gold pieces
 61599 | Orc:2    | Bought 2 potions of haste for 340 gold pieces
 61599 | Orc:2    | Bought a potion of berserk rage for 85 gold pieces
 61835 | Vaults:5 | Entered Level 5 of the Vaults
 62315 | Vaults:4 | Reached skill level 10 in Throwing
 63317 | Vaults:5 | Got Sif Muna's Octavo of the Windy Evil Eye
 63712 | Vaults:5 | Noticed a dread lich
 63726 | Vaults:5 | Killed a dread lich
 64618 | Vaults:5 | Identified the amulet "Lanik" {rF+ Regen+ Dex+2 Slay+3}
 64707 | Vaults:5 | Identified the +10 morningstar of Zaqunniv {elec, rC+
                  | rCorr}
 64707 | Vaults:5 | Identified the ring of Nobility {Contam Fly rF++ Will+}
 64708 | Vaults:5 | Identified the amulet "Fascheoff" {RegenMP rElec rC- Regen+
                  | Stlth+}
 64731 | Vaults:5 | Noticed an ancient lich
 64732 | Vaults:5 | Banished an ancient lich
 64738 | Vaults:5 | Reached XP level 25. HP: 141/168 MP: 31/31
 65080 | Vaults:5 | Got a silver rune of Zot
 65211 | Vaults:5 | Found Wyoch's Jewellery Shoppe.
 65742 | Slime:1  | Entered Level 1 of the Pits of Slime
 65931 | Slime:4  | Gained mutation: You do not regenerate when monsters are
                  | visible. [a shining eye]
 65934 | Slime:4  | Reached skill level 15 in Throwing
 65959 | Slime:5  | Entered Level 5 of the Pits of Slime
 66137 | Slime:5  | Noticed the Royal Jelly
 66356 | Slime:5  | Found a viscous altar of Jiyva.
 66377 | Slime:5  | Banished the Royal Jelly
 66860 | Elf:1    | Bought a smoking plate armour for 784 gold pieces
 66860 | Elf:1    | Identified the +5 plate armour of Febocsu {-Tele +Inv rCorr
                  | MP-9} (You bought it in a shop on level 1 of the Elven
                  | Halls)
 66946 | Orc:2    | Bought a wand of acid (7) for 382 gold pieces
 66957 | Orc:2    | Bought a phantom mirror for 640 gold pieces
 67950 | Depths:3 | Voluntarily entered the Abyss.
 67994 | Abyss:1  | Killed the Royal Jelly
 68022 | Abyss:1  | Killed Bai Suzhen
 68134 | Abyss:1  | Killed an ancient lich
 68135 | Abyss:1  | Reached skill level 21 in Fighting
 68171 | Depths:3 | Escaped the Abyss
 68245 | Depths:3 | Voluntarily entered the Abyss.
 68285 | Depths:3 | Escaped the Abyss
 68752 | Slime:5  | Identified the +1 shortbow "Mud Pie of Death" {antimagic,
                  | Will++ rCorr Str-2 Dex+2}
 68759 | Slime:5  | Got Mir Zeis's Atlas of the Inconstant Salamander
 68780 | Slime:5  | Identified the +5 rapier "Hocorch" {speed, Int+3}
 68824 | Slime:5  | Got a slimy rune of Zot
 68844 | Slime:5  | Identified the +2 falchion of the Throat {flame, Str+4}
 69328 | Depths:3 | Voluntarily entered the Abyss.
 69502 | Abyss:4  | Reached XP level 26. HP: 76/179 MP: 31/31
 69526 | Abyss:4  | Reached skill level 22 in Fighting
 69551 | Abyss:4  | HP: 3/179 [smoke demon/divine providence (16)]
 69552 | Abyss:4  | Slain by a hell hog

Illustrated notes

Levels and vault maps discovered:
D:1:      minmay_arrival_four_houses, layout_rooms, roderic_lattice_a
D:2:      layout_basic, serial_shops, nicolae_shop_bloodbath_and_beyond,
          uniq_sigmund
D:3:      layout_loops_cross, serial_shops, shop_fountains,
          shapermc_ecumenical_altar_venn, dreamdust_princess_bridge,
          grunt_ministairs_11
D:4:      layout_rooms, nicolae_yredelemnul_ghost_church, elyvilon_altar_4,
          serial_shops, nicolae_shop_stone, uniq_ijyb
D:5:      layout_rooms
D:6:      layout_basic, lemuel_crystal_altar, minmay_temple_entry_wispy,
          kennysheep_flooded_box, kennysheep_generic_room_16,
          uniq_blork_the_orc, uniq_prince_ribbit1
D:7:      layout_loops_cross, minmay_guarded_unrand_staff_of_olgreb
D:8:      layout_basic, nicolae_hepliaklqana_ecumenical_no_more, uniq_psyche,
          uniq_maurice
D:9:      layout_gridville, due_lair_maze_entry_diamond
D:10:     layout_basic, amcnicky_altar_gilded, serial_shops, shop,
          serial_bayou_pond_d
D:11:     layout_irregular_city, david_orc_4, brannock_xom_greatest_gift,
          uniq_urug
D:12:     layout_roguey
D:13:     layout_loops_corners, skrybe_vaults_entry_preservation
D:14:     layout_stronghold, gammafunk_ghost_stat_death, amethyst_killhole,
          tgw_sif, uniq_josephine
D:15:     hangedman_depths_entry_try_elsewhere_first, layout_loops_corners,
          serial_rivers, chequers_serial_rivers_micro_e,
          chequers_serial_rivers_room_a, chequers_serial_rivers_room_a,
          chequers_serial_rivers_micro_d, minmay_stone_trees_medium, minivault_1
Lair:1:   layout_cave_pods, minmay_hedge_maze
Lair:2:   layout_regular_city, elwin_shoals_entry_rocks, serial_rivers,
          chequers_serial_rivers_small_3, chequers_serial_rivers_micro_b,
          chequers_serial_rivers_small_b, chequers_serial_rivers_room_b,
          chequers_serial_rivers_room_b, chequers_serial_rivers_large_a,
          gauntlet_entry_generic, uniq_nergalle
Lair:3:   pond_and_an_island_with_a_cottage, layout_chaotic_city,
          nicolae_snake_entry_warm_welcome, portal_ice_cave_entry_pillars_2,
          kennysheep_abandoned_house
Lair:4:   layout_cave_pods, slime_entry_1, beast_lair_carwin_3,
          grunt_megastairs_2, uniq_kirke
Lair:5:   evil_forest, layout_cellular_growth, lemuel_fruit_tree, uniq_rupert
Shoals:1: cheibrodos_shoals_gigantism, layout_shoals, uniq_nikola, uniq_louise
Shoals:2: layout_shoals, serial_shops, shop_statue, nicolae_shoals_mertower
Shoals:3: layout_shoals, serial_shops, shop
Shoals:4: shoals_end_grunt_ice, layout_shoals, serial_shops, shop
Snake:1:  layout_onion, serial_bayou_shore_a, serial_bayou_shore_b,
          grunt_megastairs_5, serial_bayou_shore_b, serial_bayou_shore_b
Snake:2:  layout_layer_cave, ebering_ghost_disaster_area, drop_trap
Snake:3:  layout_layer_cave, serial_shops, nicolae_shop_statue_plus,
          st_stairs_5, uniq_vashnia
Snake:4:  grunt_snake_rune_serpentine_throne, layout_misc_corridors,
          nicolae_triple_integral
Slime:1:  layout_caves, nicolae_slime_barrier
Slime:2:  layout_caves
Slime:3:  layout_caves
Slime:4:  layout_caves
Slime:5
Orc:1:    layout_caves, serial_shops, shop
Orc:2:    st_orc_open, layout_diamond_mine, serial_shops,
          nicolae_shop_hallway_plus, nicolae_orc_pool_cavern, uniq_sonja
Elf:1:    eino_elf_arrival_shootout, layout_loops_corners, serial_shops,
          nicolae_shop_overgrown_old_shop, minivault_28, minivault_4,
          hangedman_elf_targetted_burst
Elf:2:    elven_hall_of_blades_hangedman_original
          [nicolae_blade_entry_area_security], layout_geoelf_octagon,
          solitary_fountain, st_stairs_10, grunt_ministairs_14
Elf:3:    elf_hall, layout_gridlike, gammafunk_ghost_wrathful_warriors,
          nrook_mini_backslash
Vaults:1: portal_desolation_entry_nicolae_slug, nicolae_vaults_shelves_hall,
          grunt_vaults_hallway_short, vaults_room_fours,
          nicolae_vaults_little_squares_5, nicolae_vaults_network_quinsquares
          [nicolae_vaults_network_quincunx_subvault,
          nicolae_vaults_network_quincunx_subvault,
          nicolae_vaults_network_quincunx_subvault,
          nicolae_vaults_network_quincunx_subvault],
          nicolae_vaults_network_star, ontoclasm_vaults_tryst,
          vaults_room_fancy_cross, vaults_room_glass_cross,
          hangedman_vaults_river_flow, ontoclasm_vaults_twist,
          nicolae_vaults_alarming, hangedman_vaults_nails, v_misc_25,
          grunt_vaults_focal, layout_vaults_ring, uniq_aizul
Vaults:2: ontoclasm_vaults_fault, ontoclasm_vaults_loading_screen, v_misc_16,
          nicolae_vaults_little_squares_4, sword_in_stone,
          vaults_room_stairs_pillars, vaults_dpeg_diagonal, v_misc_12,
          hangedman_vaults_restitches, vaults_room_door_hall,
          nicolae_vaults_hallways_thing, v_misc_22, ontoclasm_vaults_gateway,
          v_misc_11, layout_vaults_omnicross, serial_shops, nicolae_shop_trees,
          nicolae_shop_hallway_plus, nicolae_shop_crystal, nicolae_shop_crystal
Vaults:3: nicolae_vaults_arrows, ontoclasm_vaults_hangar,
          minmay_crypt_entry_simple_box, v_misc_27, vaults_room_door_hall,
          vaults_mumra_lcd, vaults_room_hallway, ontoclasm_vaults_chip,
          layout_vaults_omnigrid, serial_shops, shop
Vaults:4: nicolae_vaults_sealed_display, ontoclasm_vaults_shuriken, v_pattern_5,
          nicolae_vaults_circle_grid_b, grunt_vaults_diagonal,
          nicolae_vaults_little_squares_6, nicolae_vaults_yaktaur_gun_rack,
          vaults_room_fours, vaults_room_grid, layout_vaults_big_room
Vaults:5
Depths:1: layout_forbidden_donut, chequers_serial_rivers_micro_a, hellmouth_2,
          grunt_pan_entry_sceptre, kennysheep_dice, firewood_loft,
          uniq_bai_suzhen
Depths:2: evilmike_silver_temple, layout_basic, pf_coc_iceberg,
          rand_demon_pan_entry_3, evilmike_ruin_ashenzari,
          hangedman_abyss_or_decor_clamps
Depths:3: regret_index_dithmenos_brocken_genspenst, layout_cave_pools,
          enter_ziggurat_d, serial_shops, nicolae_diamond_shop,
          abyss_entry_small_statue_room, minmay_crystal_water,
          pf_vacation_house_of_asmodeus, lemuel_old_faithful,
          infiniplex_staircase_x
Depths:4: evilmike_zot_entry_argh, layout_cave_pools, hell_entry,
          lightli_enter_wizlab_magi_temple, dk_noncrumbling_3
Abyss:4:  base: Snake:2, nicolae_abyss_rune_star_stuff,
          spicy_abyss_helpful_harpoons, hangedman_abyss_or_decor_clamps,
          spicy_abyss_rude_harpoons

Skill      XL: |  1  2  3  4  5  6  7  8  9 10 11 12 13 14 15 16 17 18 19 20 21 22 23 24 25 26 |
---------------+-------------------------------------------------------------------------------+-----
Axes           | 2 3 5 6 7 12 14 15 | 15.0
Invocations    | 3 4 5 7 8 10 11 | 11.0
Polearms       | 3 4 6 7 12 15 16 | 16.2
Evocations     | 3 4 5 6 8 9 11 12 | 12.0
Throwing       | 1 2 4 8 14 16 | 16.0
Dodging        | 1 3 4 5 6 7 8 9 |  9.0
Armour         | 4 6 7 8 10 12 13 15 16 | 16.0
Staves         | 4 6 |  6.2
Fighting       | 7 10 11 13 16 17 19 20 21 22 | 22.0
Ranged Weapons | 1 |  1.0
Shields        | 13 15 18 20 21 | 21.1

Action                     |  1- 3 |  4- 6 |  7- 9 | 10-12 | 13-15 | 16-18 | 19-21 | 22-24 | 25-27 || total
---------------------------+-------+-------+-------+-------+-------+-------+-------+-------+-------++-------
  Melee: War axe           |   145 |   104 |   123 |       |       |       |       |       |       ||   372
         Glaive            |       |       |   166 |   144 |   899 |    72 |       |       |       ||  1281
         Lajatang          |       |       |       |   306 |   117 |       |       |       |       ||   423
         Flail             |       |       |       |       |    11 |       |       |       |       ||    11
         Broad axe         |       |       |       |       |       |  1050 |  1407 |  1533 |   490 ||  4480
   Fire: Sling             |     9 |    46 |    29 |       |       |       |       |       |       ||    84
         Shortbow          |       |       |     9 |    54 |       |       |       |       |       ||    63
         Longbow           |       |       |       |       |    64 |       |       |       |       ||    64
  Throw: Stone             |     2 |     1 |     1 |       |       |       |       |       |       ||     4
         Dart              |       |       |    14 |    13 |    20 |     2 |       |       |       ||    49
         Throwing net      |       |       |       |     1 |       |       |       |       |       ||     1
         Boomerang         |       |       |       |       |    43 |    14 |    28 |    29 |    18 ||   132
         Javelin           |       |       |       |       |       |       |       |       |    16 ||    16
 Invoke: Upheaval          |       |       |     1 |     8 |     6 |       |     2 |       |       ||    17
         Elemental Force   |       |       |     1 |       |     4 |       |       |       |     2 ||     7
         Disaster Area     |       |       |       |       |       |       |       |       |     3 ||     3
  Evoke: Wand              |       |       |     2 |     3 |     6 |     5 |    10 |    10 |       ||    36
         Condenser vane    |       |       |       |       |     3 |     4 |     2 |     5 |     3 ||    17
         Lightning rod     |       |       |       |       |     2 |       |     4 |     1 |       ||     7
         Box of beasts     |       |       |       |       |       |     2 |     3 |     2 |     3 ||    10
         Phial of floods   |       |       |       |       |       |     2 |       |       |       ||     2
         Tin of tremorston |       |       |       |       |       |     2 |     3 |     3 |     4 ||    12
         Phantom mirror    |       |       |       |       |       |       |       |       |     1 ||     1
    Use: Scroll            |     1 |     1 |     4 |    10 |     7 |     7 |     2 |     3 |     1 ||    36
         Potion            |       |     1 |     3 |    13 |       |       |     3 |     4 |     2 ||    26
   Stab: Paralysed         |       |       |     4 |     2 |     2 |       |     4 |       |     1 ||    13
         Distracted        |       |       |       |       |     2 |       |     1 |       |       ||     3
         Held in net/web   |       |       |       |       |       |     2 |       |       |       ||     2
         Confused          |       |       |       |       |       |       |     4 |     1 |       ||     5
 Armour: Scale mail        |    92 |    39 |    58 |       |       |       |       |       |       ||   189
         Chain mail        |       |       |   100 |   298 |   322 |   459 |   303 |   382 |   154 ||  2018
         Skin              |       |       |       |    12 |       |       |       |       |       ||    12
  Dodge: Dodged            |    62 |    47 |   110 |   225 |   301 |   417 |   212 |   345 |    70 ||  1789
         Repelled          |       |       |       |       |    10 |    29 |    17 |    18 |    12 ||    86
  Block: Buckler           |    21 |    22 |    42 |       |       |   538 |       |       |       ||   623
         Other             |       |       |    30 |    91 |   387 |    40 |       |       |       ||   548
         Reflection        |       |       |       |       |    18 |       |       |       |       ||    18
         Tower shield      |       |       |       |       |       |   380 |  1215 |  1493 |   474 ||  3562

Table legend: (Time is in decaauts)
 A = Elapsed time spent in this place.
 B = Non-inter-level travel time spent in this place.
 C = Inter-level travel time spent in this place.
 D = Time resting spent in this place.
 E = Time spent auto-exploring this place.
 F = Levels seen in this place.
 G = Mean time per level.
                   A        B        C        D        E       F      G
               +--------+--------+--------+--------+--------+-----+--------+
         Total |  69318 |  58723 |  10595 |  16317 |  29132 |  57 | 1216.1 |
       Dungeon |  19409 |  15416 |   3993 |   3088 |   9154 |  15 | 1293.9 |
          Lair |   8793 |   7481 |   1312 |   2204 |   3910 |   5 | 1758.6 |
        Shoals |   5813 |   4930 |    883 |   1440 |   2303 |   4 | 1453.2 |
     Snake Pit |   6790 |   6261 |    529 |   1876 |   3187 |   4 | 1697.5 |
    Slime Pits |   1102 |    785 |    317 |    213 |    203 |   5 |  220.4 |
  Orcish Mines |   2101 |   1610 |    491 |    489 |    776 |   2 | 1050.5 |
   Elven Halls |   4490 |   3740 |    750 |    867 |   2060 |   3 | 1496.7 |
        Vaults |  10835 |   9334 |   1501 |   3235 |   3999 |   5 | 2167.0 |
        Depths |   5796 |   4981 |    815 |   1640 |   2258 |   4 | 1449.0 |
         Abyss |    402 |    402 |      0 |     15 |     18 |   6 |   67.0 |
      Ice Cave |   1018 |   1018 |      0 |    367 |    310 |   1 | 1018.0 |
        Wizlab |   1068 |   1068 |      0 |    418 |    338 |   1 | 1068.0 |
    Desolation |   1146 |   1146 |      0 |    407 |    368 |   1 | 1146.0 |
      Gauntlet |    549 |    549 |      0 |     53 |    248 |   1 |  549.0 |
               +--------+--------+--------+--------+--------+-----+--------+

Top non-repeatable levels by time:
Vaults:4: 2738 daAuts
  Lair:3: 2465 daAuts
Vaults:3: 2336 daAuts
Vaults:5: 2059 daAuts
Vaults:2: 1937 daAuts
  Lair:2: 1915 daAuts
 Snake:2: 1910 daAuts
    D:13: 1910 daAuts
Shoals:1: 1853 daAuts
 Snake:4: 1784 daAuts
     D:9: 1783 daAuts
Vaults:1: 1763 daAuts
Depths:2: 1732 daAuts
    D:11: 1705 daAuts
   Elf:1: 1691 daAuts
